 Dungeon Crawl Stone Soup version 0.24-a0-464-g6b2be6b8c7 (webtiles) character file.

Game seed: 10487573508784301931

9167 Gargoyl the Envoy of Void (level 11, -5/135 HPs)
             Began as a Centaur Abyssal Knight on July 4, 2019.
             Was a High Priest of Lugonu.
             Slain by a swamp worm (14 damage)
             ... in a Gauntlet.
             The game lasted 00:21:40 (12337 turns).

Gargoyl the Envoy of Void (Centaur Abyssal Knight) Turns: 12337, Time: 00:21:40

Health: -5/135     AC: 25    Str: 20    XL:     11   Next: 19%
Magic:  16/17      EV:  1    Int: 14    God:    Lugonu [*****.]
Gold:   747        SH:  9    Dex: 10    Spells: 10/10 levels left

rFire    . . .     SeeInvis .   n - +1 demon blade (elec)
rCold    . . .     Gourm    .   p - +0 shield
rNeg     + + +     Faith    .   (armour currently unavailable)
rPois    +         Spirit   .   (helmet currently unavailable)
rElec    +         Reflect  .   (cloak currently unavailable)
rCorr    .         Harm     .   (gloves currently unavailable)
MR       +....     NoTele   +   (no barding)
Stlth    +.........             I - amulet of the acrobat
HPRegen  0.32/turn              r - ring "Pyxteeleze" {*Corrode +Blink rElec Str+3 Int+3}
MPRegen  0.15/turn              L - ring of protection from magic

@: tree-form, very slightly contaminated, invisible (expiring)
A: large, screaming 1
a: Depart the Abyss, Bend Space, Banish, Corrupt, Enter the Abyss, Renounce
Religion, Evoke Blink


You were in a Gauntlet.
You worshipped Lugonu.
Lugonu was extremely pleased with you.
You were not hungry.
You were a tree.
You visited 1 branch of the dungeon, and saw 11 of its levels.
You visited the Abyss 1 time.
You also visited: Gauntlet.

You collected 747 gold pieces.

Inventory:

Hand Weapons
 a - a +3 hand axe
 n - a +1 demon blade of electrocution (weapon)
 C - a +0 broad axe
Missiles
 y - 17 boomerangs (quivered)
Armour
 d - a +0 plate armour (melded)
 h - a +0 pair of gloves (melded)
 k - a +4 centaur barding (melded)
 p - a +0 shield (worn)
 G - a +0 helmet of intelligence
 M - a scarf of repulsion (melded)
Jewellery
 i - a +3 ring of strength
 r - the ring "Pyxteeleze" (left branch) {*Corrode +Blink rElec Str+3 Int+3}
   (You found it on level 5 of the Dungeon)

   [ring of strength]

   It affects your strength (+3).
   It affects your intelligence (+3).
   It insulates you from electricity.
   It lets you blink.
   It may corrode you when you take damage.
 t - an uncursed ring of positive energy
 w - an uncursed ring of protection from cold
 I - an amulet of the acrobat (around neck)
 L - a ring of protection from magic (right branch)
Wands
 m - a wand of iceblast (6)
 H - a wand of polymorph (7)
 J - a wand of acid (6)
Scrolls
 f - 3 scrolls of teleportation
 o - 3 scrolls of remove curse
 s - a scroll of magic mapping
 A - a scroll of blinking
 B - a scroll of fog
 D - a scroll of enchant weapon
 E - 2 scrolls of identify
 F - a scroll of fear
Potions
 b - 2 potions of haste
 e - 2 potions of curing
 g - a potion of agility
 j - 2 potions of brilliance
 l - a potion of lignification
 q - a potion of mutation
 u - 2 potions of might
 v - 2 potions of flight
 x - a potion of invisibility
 z - 3 potions of magic {unknown}
Comestibles
 c - 13 rations


   Skills:
 + Level 6.3 Fighting
 + Level 1.5 Long Blades
 + Level 7.1 Axes
 + Level 3.7 Throwing
 * Level 6.9 Armour
 * Level 5.5 Dodging
 + Level 4.6 Shields
 * Level 8.4 Invocations
 + Level 2.9 Evocations


You had 10 spell levels left.
You didn't know any spells.
Your spell library contained the following spells:

 Spells                   Type           Power        Failure   Level  Hunger
 Animate Skeleton         Necr           N/A          58%         1    ##.....
 Apportation              Tloc           #.....       58%         1    ##.....
 Confusing Touch          Hex            #.....       58%         1    ##.....
 Magic Dart               Conj           #...         58%         1    ##.....
 Summon Small Mammal      Summ           #...         58%         1    ##.....
 Blink                    Tloc           N/A          73%         2    ###....
 Call Imp                 Summ           #.......     73%         2    ###....
 Slow                     Hex            #.......     73%         2    ###....
 Throw Flame              Conj/Fire      #.....       73%         2    ###....
 Throw Frost              Conj/Ice       #.....       73%         2    ###....
 Conjure Flame            Conj/Fire      #.......     91%         3    ####...
 Mephitic Cloud           Conj/Pois/Air  #.......     91%         3    ####...
 Irradiate                Conj/Tmut      #.........   100%        5    ######.
 Conjure Ball Lightning   Conj/Air       #.........   100%        6    #######


Dungeon Overview and Level Annotations

Branches:
Dungeon (11/15)            Temple (0/1) D:5            Lair (0/6) D:11
    Orc: D:9-12

Altars:
Ashenzari
Cheibriados
Dithmenos
Elyvilon
Fedhas
Gozag
Makhleb
Nemelex Xobeh
Trog
Vehumet
Wu Jian
Xom
Yredelemnul

Shops:
D:7 (   D:10 %

Annotations:
Gauntlet 2 transporters


Innate Abilities, Weirdness & Mutations

((You have hooves in place of feet.))
((Armour fits poorly on your strangely shaped body.))
((You cover ground very quickly.))
((You have extremely tough skin. (AC +3)))
((You have a pair of small horns on your head.))
You occasionally shout uncontrollably at your foes.


Message History

The swamp worm bites you.
* * * LOW HITPOINT WARNING * * *
You miss the swamp worm.
The swamp worm is heavily wounded.
The swamp worm bites you!
* * * LOW HITPOINT WARNING * * *
The swamp worm bites you but does no damage.
The swamp worm bites you.
* * * LOW HITPOINT WARNING * * *
You hit the swamp worm but do no damage.
Lightning courses through the swamp worm!
The swamp worm is almost dead.
You flicker for a moment.
You block the swamp worm's attack.
The swamp worm bites you but does no damage. x2
The swamp worm bites you.
* * * LOW HITPOINT WARNING * * *
Unknown command.
You feel better. The swamp worm bites you!
You die...

#≈.......... #
#8.8.8..©.©. #8
§..........
##################
#≈............§§§.
#..............§§.
#..###########...#
#..#...!w♣w..#...#
#..#..##.##..#...#
#..#.##...##.#...#
#..#.#.....#.#...#
#..#....©....#...#
#..#.#.....#.#...#
#..#.##...##.#...#
#..#..##.##..#...#.
#..#.........#...#..


You could see 2 swamp worms.

Vanquished Creatures
  An ugly thing (D:9)
  An efreet (D:10)
  A jumping spider (Gauntlet)
  A troll (D:10)
  A meliai zombie (D:10)
  A redback (Gauntlet)
  4 hogs (D:7)
  A wyvern (D:7)
  A human (D:7)
  2 hungry ghosts (D:9)
  A water moccasin (D:10)
  An ice beast (D:7)
  6 orc warriors
  2 phantoms
  5 sky beasts
  2 wolves (Gauntlet)
  4 centaurs
  6 ogres
  7 bullfrogs
  A gnoll sergeant (D:9)
  4 scorpions
  5 killer bees (D:8)
  3 wights (D:6)
  A bullfrog zombie (D:11)
  5 crimson imps
  4 hounds
  9 orc priests
  2 jellies
  2 bullfrog skeletons
  A centaur zombie (D:9)
  A centaur skeleton (D:9)
  Terence (D:3)
  6 iguanas
  Natasha (twice) (D:3)
  14 orc wizards
  10 worker ants
  8 gnolls
  A howler monkey skeleton (D:9)
  8 adders
  2 shadow imps (D:8)
  3 worms
  2 adder skeletons
  2 dart slugs
  4 leopard geckos
  34 orcs
  A ball python (D:3)
  7 bats
  4 giant cockroaches
  2 gnoll zombies (D:9)
  7 goblins
  3 hobgoblins
  2 jackals (D:2)
  7 kobolds
  4 quokkas
  3 frilled lizards
  A leopard gecko zombie (D:6)
  10 rats
234 creatures vanquished.

Vanquished Creatures (others)
  An entropy weaver (Gauntlet)
  A two-headed ogre (D:8)
  A wolf spider (Gauntlet)
  A tyrant leech (Gauntlet)
  A quokka (D:8)
  5 plants (D:7)
10 creatures vanquished.

Grand Total: 244 creatures vanquished

Notes
Turn   | Place    | Note
-------+----------+-------------------------------------------
     0 | Abyss:1  | Gargoyl the Centaur Abyssal Knight began the quest for the
                  | Orb.
     0 | Abyss:1  | Reached XP level 1. HP: 19/19 MP: 2/2
    22 | Abyss:2  | Noticed a hungry ghost
    82 | Abyss:2  | Noticed a guardian serpent
    83 | D:1      | Escaped the Abyss
   293 | D:1      | Reached * piety under Lugonu
   314 | D:1      | Reached XP level 2. HP: 21/26 MP: 3/3
   910 | D:2      | Reached skill level 1 in Dodging
   951 | D:2      | Reached XP level 3. HP: 21/31 MP: 4/4
  1485 | D:3      | Found a shimmering altar of Xom.
  1523 | D:3      | Noticed Terence
  1565 | D:3      | Killed Terence
  1565 | D:3      | Reached XP level 4. HP: 12/40 MP: 5/5
  1906 | D:3      | Found a shadowy altar of Dithmenos.
  1944 | D:3      | Reached ** piety under Lugonu
  2041 | D:3      | Noticed Natasha
  2049 | D:3      | Killed Natasha
  2250 | D:3      | Noticed Natasha
  2258 | D:3      | Killed Natasha
  2258 | D:3      | Reached XP level 5. HP: 29/46 MP: 7/7
  2566 | D:4      | Reached skill level 3 in Invocations
  2738 | D:4      | Gained mutation: You are clumsy. (Dex -2) [potion of
                  | mutation]
  2738 | D:4      | Gained mutation: You expend magic power (3 MP) to
                  | strengthen your wands. [potion of mutation]
  2738 | D:4      | Gained mutation: Your spells are a little harder to cast,
                  | but a little more powerful. [potion of mutation]
  2739 | D:4      | Reached skill level 5 in Fighting
  2739 | D:4      | Reached skill level 6 in Invocations
  2739 | D:4      | Reached XP level 6. HP: 56/56 MP: 7/10
  3147 | D:4      | Reached XP level 7. HP: 61/61 MP: 11/11
  3300 | D:4      | Lost mutation: You are clumsy. (Dex -2) [potion of
                  | mutation]
  3300 | D:4      | Lost mutation: You expend magic power (3 MP) to strengthen
                  | your wands. [potion of mutation]
  3300 | D:4      | Lost mutation: Your spells are a little harder to cast, but
                  | a little more powerful. [potion of mutation]
  3300 | D:4      | Gained mutation: You occasionally shout uncontrollably at
                  | your foes. [potion of mutation]
  3300 | D:4      | Gained mutation: You have a pair of small horns on your
                  | head. [potion of mutation]
  3313 | D:5      | Entered Level 5 of the Dungeon
  3428 | D:5      | Found a staircase to the Ecumenical Temple.
  3757 | D:5      | Got a translucent steel ring
  3968 | D:6      | Identified the ring "Pyxteeleze" {*Corrode +Blink rElec
                  | Str+3 Int+3} (You found it on level 5 of the Dungeon)
  4026 | D:6      | Reached skill level 5 in Armour
  4159 | D:6      | Reached *** piety under Lugonu
  4257 | D:6      | Reached XP level 8. HP: 69/69 MP: 12/12
  5132 | D:6      | Found a radiant altar of Vehumet.
  5715 | D:7      | Found Loikkeg's Antique Weapon Boutique.
  5772 | D:7      | Reached skill level 5 in Axes
  5912 | D:7      | Reached XP level 9. HP: 62/74 MP: 14/14
  6197 | D:7      | Reached skill level 7 in Invocations
  6704 | D:7      | Reached **** piety under Lugonu
  7128 | D:8      | Found a white marble altar of Elyvilon.
  7415 | D:8      | Reached XP level 10. HP: 62/83 MP: 15/15
  7792 | D:8      | Noticed a two-headed ogre
  7793 | D:8      | Banished a two-headed ogre
  7884 | D:8      | Found a shattered altar of Ashenzari.
  7890 | D:8      | Found an ornate altar of the Wu Jian Council.
  7891 | D:8      | Found a sparkling altar of Nemelex Xobeh.
  7891 | D:8      | Found a burning altar of Makhleb.
  7891 | D:8      | Found a blossoming altar of Fedhas.
  7892 | D:8      | Found a snail-covered altar of Cheibriados.
  7990 | D:8      | Reached skill level 5 in Dodging
  8283 | D:9      | Found an opulent altar of Gozag.
  8483 | D:9      | Reached ***** piety under Lugonu
  9378 | D:9      | Noticed a cyan ugly thing
  9397 | D:9      | Killed a cyan ugly thing
  9681 | D:9      | Found a basalt altar of Yredelemnul.
  9777 | D:9      | Noticed a moth of wrath
  9780 | D:9      | Found a bloodstained altar of Trog.
  9904 | D:10     | Entered Level 10 of the Dungeon
 10226 | D:10     | Reached skill level 8 in Invocations
 11004 | D:10     | Found Ypiulo's Food Boutique.
 11454 | D:11     | Reached XP level 11. HP: 54/89 MP: 17/17
 11572 | D:11     | Found a gate leading to a gauntlet.
 11582 | Gauntlet | Entered a Gauntlet
 11582 | Gauntlet | Found a transporter.
 11582 | Gauntlet | Found a transporter.
 11582 | Gauntlet | Noticed a fire crab
 11662 | Gauntlet | Found a transporter.
 11667 | Gauntlet | Found a transporter.
 11988 | Gauntlet | Found a transporter.
 11994 | Gauntlet | Noticed a wolf spider
 11995 | Gauntlet | Noticed an entropy weaver
 11998 | Gauntlet | Found a transporter.
 12004 | Gauntlet | Banished a wolf spider
 12004 | Gauntlet | Reached skill level 1 in Long Blades
 12016 | Gauntlet | Banished an entropy weaver
 12252 | Gauntlet | Identified Vehumet's Catalogue of Combat Magic
 12285 | Gauntlet | Noticed a wolf spider
 12288 | Gauntlet | Noticed an entropy weaver
 12301 | Gauntlet | Found a transporter.
 12335 | Gauntlet | HP: 6/135 [swamp worm (2)]
 12336 | Gauntlet | HP: 1/135 [swamp worm (5)]
 12337 | Gauntlet | Slain by a swamp worm

Levels and vault maps discovered:
D:1:      nicolae_arrival_memento_mori, layout_loops_ring
D:2:      layout_rooms
D:3:      layout_loops_cross, grunt_dithmenos_smoke_and_mirrors,
          xom_teletrap_fun, uniq_natasha, uniq_terence
D:4:      layout_rooms, first_ration
D:5:      layout_loops_cross, minmay_temple_entry_statues, grunt_ministairs_11
D:6:      layout_rooms, vehumet_crystals, nicolae_benzene_ring, dk_vineyard_2
D:7:      layout_cave_pods, serial_shops, nicolae_shop_trees, serial_glass,
          glass_columns_c, glass_columns_b, grunt_livestock,
          serial_bayou_pond_c, minmay_starry_boxes
D:8:      layout_loops_ring, elyvilon_altar_4, minitemple
D:9:      layout_rooms, tgw_trog, lemuel_zombie_altar_yredelemnul,
          grunt_gozag_statues, minmay_door_square
D:10:     layout_basic, serial_shops, shop
D:11:     layout_long_grid, lair_entry_dummy, gauntlet_entry_generic, uniq_sonja
Gauntlet: gammafunk_gauntlet_hard_choice [gammafunk_gauntlet_arena_grid,
          nicolae_gauntlet_arena_quarters, gammafunk_gauntlet_arena_spirals,
          nicolae_gauntlet_arena_blocks, gammafunk_gauntlet_arena_split_diamond,
          nicolae_gauntlet_arena_grate_2, gauntlet_exit_watery]

Skill      XL: |  1  2  3  4  5  6  7  8  9 10 11 |
---------------+----------------------------------+-----
Dodging        | 1 4 5 |  5.5
Axes           | 2 4 5 6 7 |  7.1
Armour         | 2 4 5 6 |  6.9
Invocations    | 6 7 8 |  8.4
Fighting       | 5 6 |  6.3
Throwing       | 3 |  3.7
Shields        | 2 3 4 |  4.6
Evocations     | 2 |  2.9
Long Blades    | 1 |  1.5

Action                   |  1- 3 |  4- 6 |  7- 9 | 10-12 || total
-------------------------+-------+-------+-------+-------++-------
Melee: Hand axe          |   104 |   112 |   411 |   297 ||   924
       Kick              |    23 |    26 |   102 |   119 ||   270
       Headbutt          |       |       |    60 |    53 ||   113
       Demon blade       |       |       |       |   103 ||   103
Throw: Boomerang         |       |       |     7 |       ||     7
Invok: Depart the Abyss  |     1 |       |       |       ||     1
       Banish            |       |       |       |     4 ||     4
Evoke: Wand              |       |       |     1 |     3 ||     4
  Use: Scroll            |     9 |     9 |     5 |    10 ||    33
       Potion            |     1 |     2 |     2 |     6 ||    11
 Stab: Paralysed         |       |       |       |     6 ||     6
       Invisible         |       |       |       |     2 ||     2
  Eat: Chunk             |       |     5 |     9 |     7 ||    21
       Ration            |       |       |     1 |     5 ||     6
Armor: Plate armour      |   117 |   135 |   241 |   309 ||   802
       Skin              |       |       |       |     8 ||     8
Dodge: Dodged            |     9 |     1 |    22 |    55 ||    87
Block: Shield            |       |    38 |   178 |   240 ||   456
       Rpst.: Demon blade |       |       |       |     5 ||     5

Table legend:
 A = Non-vault XP
 B = Vault XP
 C = Vault XP percentage of total XP
 D = Non-vault monster count
 E = Vault monster count
 F = Vault count percentage of total count
                 A         B        C        D         E       F
            +---------+---------+-------+---------+---------+-------
      Total |    9721 |    3076 |  24.0 |     214 |      24 |  10.1
            +---------+---------+-------+---------+---------+-------
        D:1 |      22 |       0 |   0.0 |      15 |       0 |   0.0
        D:2 |      59 |       0 |   0.0 |      11 |       0 |   0.0
        D:3 |      66 |      71 |  51.8 |      19 |       2 |   9.5
        D:4 |     259 |       0 |   0.0 |      19 |       0 |   0.0
        D:5 |     115 |      40 |  25.8 |       3 |       2 |  40.0
        D:6 |    1245 |       0 |   0.0 |      25 |       0 |   0.0
        D:7 |    1845 |     976 |  34.6 |      25 |       6 |  19.4
        D:8 |    1483 |       0 |   0.0 |      26 |       0 |   0.0
        D:9 |    2570 |      12 |   0.5 |      41 |       7 |  14.6
       D:10 |    1562 |       0 |   0.0 |      16 |       0 |   0.0
       D:11 |     495 |       0 |   0.0 |      14 |       0 |   0.0
   Gauntlet |       0 |    1977 | 100.0 |       0 |       7 | 100.0
            +---------+---------+-------+---------+---------+-------
